SL
DETROIT REAPERS @ NORTHERN VIRGINIA RETRIEVERS
08/27/2020
 
TOP OF THE 1ST
Detroit Reapers batting - Pitching for Northern Virginia Retrievers : RHP Marlon Miller
Pitching: RHP Marlon Miller
Batting: LHB Ryan Westlake 0-0: Ball
1-0: Called Strike
1-1: Foul Ball, location: 2F
1-2: Ball
2-2: Strikes out looking
Batting: SHB Eiji Suzuki 0-0: Called Strike
0-1: Ball
1-1: Ground out 4-3 (Groundball, 4M)
Batting: RHB Bart Lewis 0-0: Called Strike
0-1: Called Strike
0-2: Ball
1-2: Foul Ball, location: 2F
1-2: Ball
2-2: DOUBLE (Flyball, 8RXD)
Batting: RHB Alan Elder 0-0: Foul Ball, location: 2F
0-1: Ball
1-1: Foul Ball, location: 2F
1-2: Ball
2-2: Ground out 6-3 (Groundball, 6)
Top of the 1st over - 0 run(s), 1 hit(s), 0 error(s), 1 left on base; Detroit 0 - Northern Virginia 0
BOTTOM OF THE 1ST
Northern Virginia Retrievers batting - Pitching for Detroit Reapers : RHP Nicholas Wells
Pitching: RHP Nicholas Wells
Batting: LHB Roberto Salazar 0-0: SINGLE (Line Drive, 89S)
Batting: SHB Ramiro Salazar 0-0: Ball
1-0: Ball
2-0: Ball
3-0: Called Strike
3-1: Foul Ball, location: 2F
3-2: Foul Ball, location: 2F
3-2: Fly out, F8 (Flyball, 89XD)
Batting: RHB Iván Pérez 0-0: Ball
Roberto Salazar is caught stealing 2nd base
1-0: Foul Ball, location: 2F
1-1: Ground out 6-3 (Groundball, 6)
Bottom of the 1st over - 0 run(s), 1 hit(s), 0 error(s), 0 left on base; Detroit 0 - Northern Virginia 0
TOP OF THE 2ND
Detroit Reapers batting - Pitching for Northern Virginia Retrievers : RHP Marlon Miller
Batting: RHB Joey Morgan 0-0: Called Strike
0-1: Ball
1-1: Swinging Strike
1-2: Ground out 6-3 (Groundball, 6M)
Batting: RHB Robby Thomas 0-0: Ball
1-0: Ball
2-0: Ball
3-0: Called Strike
3-1: Base on Balls
Batting: RHB Jack Weber 0-0: Ball
1-0: Ball
2-0: Foul Ball, location: 2F
2-1: Foul Ball, location: 2F
2-2: Foul Ball, location: 2F
2-2: Strikes out looking
Batting: RHB Nicholas Wells 0-0: Called Strike
0-1: Foul Ball, location: 2F
0-2: Strikes out swinging
Top of the 2nd over - 0 run(s), 0 hit(s), 0 error(s), 1 left on base; Detroit 0 - Northern Virginia 0
BOTTOM OF THE 2ND
Northern Virginia Retrievers batting - Pitching for Detroit Reapers : RHP Nicholas Wells
Batting: LHB John Robertson 0-0: Called Strike
0-1: Ball
1-1: Foul Ball, location: 2F
1-2: Ball
2-2: Strikes out swinging
Batting: LHB Munemori Ohara 0-0: Called Strike
0-1: Fly out, F9 (Flyball, 9LM)
Batting: SHB Gustavo Fuentes 0-0: Ground out 4-3 (Groundball, 4)
Bottom of the 2nd over - 0 run(s), 0 hit(s), 0 error(s), 0 left on base; Detroit 0 - Northern Virginia 0
TOP OF THE 3RD
Detroit Reapers batting - Pitching for Northern Virginia Retrievers : RHP Marlon Miller
Batting: RHB Kevin Howard 0-0: Called Strike
0-1: Ball
1-1: DOUBLE (Line Drive, 8LD)
Batting: LHB Ryan Westlake 0-0: Foul Ball, location: 2F
0-1: Called Strike
0-2: Foul Ball, location: 2F
0-2: Foul Ball, location: 2F
0-2: Strikes out swinging
Batting: SHB Eiji Suzuki 0-0: Ball
1-0: Ball
2-0: Foul Ball, location: 2F
2-1: Ball
3-1: Base on Balls
Batting: RHB Bart Lewis 0-0: SINGLE (Groundball, 34D)
Kevin Howard to third
Eiji Suzuki to second
Runner from 3rd tries for Home, SAFE, throw made home
Batting: RHB Alan Elder 0-0: Called Strike
0-1: Foul Ball, location: 2F
0-2: Strikes out looking
Batting: RHB Joey Morgan 0-0: Fielders Choice at 2nd, U6 (Groundball, 6M)
Top of the 3rd over - 1 run(s), 2 hit(s), 0 error(s), 2 left on base; Detroit 1 - Northern Virginia 0
BOTTOM OF THE 3RD
Northern Virginia Retrievers batting - Pitching for Detroit Reapers : RHP Nicholas Wells
Batting: RHB José Rodríguez 0-0: Called Strike
0-1: Fly out, F8 (Flyball, 8LXD)
Batting: RHB Micheal Murdoch 0-0: Called Strike
0-1: Foul Ball, location: 2F
0-2: Fly out, F7 (Line Drive, 8LD)
Batting: RHB Marlon Miller 0-0: Ball
1-0: Called Strike
1-1: Foul Ball, location: 2F
1-2: SINGLE (Line Drive, 4MD)
Batting: LHB Roberto Salazar 0-0: Ball
1-0: Ball
2-0: Ball
3-0: Called Strike
3-1: Foul Ball, location: 2F
3-2: SINGLE (Groundball, 34)
Marlon Miller to second
Marlon Miller to third
Batting: SHB Ramiro Salazar 0-0: Ball
1-0: Ball
2-0: Foul Ball, location: 2F
2-1: Called Strike
2-2: Ball
3-2: Base on Balls
Roberto Salazar to second
Batting: RHB Iván Pérez 0-0: Called Strike
0-1: Ball
1-1: SINGLE (Flyball, 8RS)
Marlon Miller scores
Roberto Salazar to third
Ramiro Salazar to second
Runner from 3rd tries for Home, SAFE, no throw or cutoff
Batting: LHB John Robertson 0-0: Ground out 4-3 (Groundball, 13)
Bottom of the 3rd over - 2 run(s), 3 hit(s), 0 error(s), 2 left on base; Detroit 1 - Northern Virginia 2
TOP OF THE 4TH
Detroit Reapers batting - Pitching for Northern Virginia Retrievers : RHP Marlon Miller
Batting: RHB Robby Thomas 0-0: Called Strike
0-1: Foul Ball, location: 2F
0-2: Ball
1-2: Ball
2-2: Foul Ball, location: 2F
2-2: Strikes out looking
Batting: RHB Jack Weber 0-0: Fly out, F7 (Flyball, 7M)
Batting: RHB Nicholas Wells 0-0: Hit by Pitch
Batting: RHB Kevin Howard 0-0: Called Strike
0-1: Ball
1-1: Foul Ball, location: 2F
1-2: Ball
2-2: Ball
3-2: Foul Ball, location: 2F
3-2: Base on Balls
Nicholas Wells to second
Batting: LHB Ryan Westlake 0-0: Called Strike
0-1: Foul Ball, location: 2F
0-2: Ground out 1-3 (Groundball, 15)
Top of the 4th over - 0 run(s), 0 hit(s), 0 error(s), 2 left on base; Detroit 1 - Northern Virginia 2
BOTTOM OF THE 4TH
Northern Virginia Retrievers batting - Pitching for Detroit Reapers : RHP Nicholas Wells
Batting: LHB Munemori Ohara 0-0: Ball
1-0: Swinging Strike
1-1: Swinging Strike
1-2: Strikes out swinging
Batting: SHB Gustavo Fuentes 0-0: Swinging Strike
0-1: Fly out, F8 (Flyball, 8RXD)
Batting: RHB José Rodríguez 0-0: Ball
1-0: Ball
2-0: SINGLE (Line Drive, 6D)
Batting: RHB Micheal Murdoch 0-0: Called Strike
0-1: Ball
1-1: Fielders Choice at 2nd, 5-4 (Groundball, 56)
Bottom of the 4th over - 0 run(s), 1 hit(s), 0 error(s), 0 left on base; Detroit 1 - Northern Virginia 2
TOP OF THE 5TH
Detroit Reapers batting - Pitching for Northern Virginia Retrievers : RHP Marlon Miller
Batting: SHB Eiji Suzuki 0-0: Swinging Strike
0-1: Called Strike
0-2: DOUBLE (Line Drive, 9LS)
Batting: RHB Bart Lewis 0-0: Foul Ball, location: 2F
0-1: Ball
1-1: Fly out, F8 (Flyball, 8LM)
Batting: RHB Alan Elder 0-0: Called Strike
0-1: Reached on error, E6 (Groundball, 6)
Eiji Suzuki to third
Batting: RHB Joey Morgan 0-0: Called Strike
0-1: Ball
1-1: Ball
2-1: Ball
3-1: Base on Balls
Alan Elder to second
Batting: RHB Robby Thomas 0-0: Called Strike
0-1: Swinging Strike
0-2: Ball
1-2: Strikes out swinging
Batting: RHB Jack Weber 0-0: Foul Ball, location: 2F
0-1: Called Strike
0-2: Foul Ball, location: 2F
0-2: Ball
1-2: Strikes out looking
Top of the 5th over - 0 run(s), 1 hit(s), 1 error(s), 3 left on base; Detroit 1 - Northern Virginia 2
BOTTOM OF THE 5TH
Northern Virginia Retrievers batting - Pitching for Detroit Reapers : RHP Nicholas Wells
Batting: RHB Marlon Miller 0-0: Called Strike
0-1: Swinging Strike
0-2: Ball
1-2: Strikes out looking
Batting: LHB Roberto Salazar 0-0: Ball
1-0: Ground out 3-1 (Groundball, 34)
Batting: SHB Ramiro Salazar 0-0: Ball
1-0: Ground out 4-3 (Groundball, 4)
Bottom of the 5th over - 0 run(s), 0 hit(s), 0 error(s), 0 left on base; Detroit 1 - Northern Virginia 2
TOP OF THE 6TH
Detroit Reapers batting - Pitching for Northern Virginia Retrievers : RHP Marlon Miller
Batting: RHB Nicholas Wells 0-0: Ball
1-0: Called Strike
1-1: Ball
2-1: Foul Ball, location: 2F
2-2: Ball
3-2: Base on Balls
Batting: RHB Kevin Howard 0-0: Foul Ball, location: 2F
0-1: Ball
1-1: Sac Bunt - play at second, runner OUT -> throw to first, DP!
Batting: LHB Ryan Westlake 0-0: Reached on error, E3 (Groundball, 3)
Batting: SHB Eiji Suzuki 0-0: Foul Ball, location: 2F
0-1: Ball
1-1: Called Strike
1-2: Ball
2-2: Fly out, F4 (Popup, 34)
Top of the 6th over - 0 run(s), 0 hit(s), 1 error(s), 1 left on base; Detroit 1 - Northern Virginia 2
BOTTOM OF THE 6TH
Northern Virginia Retrievers batting - Pitching for Detroit Reapers : RHP Nicholas Wells
Batting: RHB Iván Pérez 0-0: Ball
1-0: Ball
2-0: Foul Ball, location: 2F
2-1: SINGLE (Line Drive, 34D)
Batting: LHB John Robertson 0-0: Ball
1-0: Foul Ball, location: 2F
1-1: Called Strike
1-2: Ball
2-2: Foul Ball, location: 2F
2-2: Ball
Wild Pitch!
Iván Pérez to second
3-2: Strikes out looking
Batting: LHB Munemori Ohara 0-0: Intentional Walk
Batting: SHB Gustavo Fuentes 0-0: Ball
1-0: Ball
2-0: Ball
3-0: Called Strike
3-1: Grounds into double play, U6-3 (Groundball, 6)
Bottom of the 6th over - 0 run(s), 1 hit(s), 0 error(s), 1 left on base; Detroit 1 - Northern Virginia 2
TOP OF THE 7TH
Detroit Reapers batting - Pitching for Northern Virginia Retrievers : RHP Marlon Miller
Batting: RHB Bart Lewis 0-0: Swinging Strike
0-1: Called Strike
0-2: Ball
1-2: Strikes out swinging
Batting: RHB Alan Elder 0-0: Ball
1-0: Called Strike
1-1: Swinging Strike
1-2: Foul Ball, location: 2F
1-2: Strikes out swinging
Batting: RHB Joey Morgan 0-0: Fly out, F3 (Popup, 3F)
Top of the 7th over - 0 run(s), 0 hit(s), 0 error(s), 0 left on base; Detroit 1 - Northern Virginia 2
BOTTOM OF THE 7TH
Northern Virginia Retrievers batting - Pitching for Detroit Reapers : RHP Nicholas Wells
Batting: RHB José Rodríguez 0-0: Foul Ball, location: 2F
0-1: Called Strike
0-2: Ball
1-2: Ground out 6-3 (Groundball, 6)
Batting: RHB Micheal Murdoch 0-0: Fly out, F3 (Popup, 3SF)
Pinch Hitting: RHB Carl Good 0-0: Ball
1-0: Called Strike
1-1: Ball
2-1: Foul Ball, location: 2F
2-2: Ball
3-2: Strikes out looking
Bottom of the 7th over - 0 run(s), 0 hit(s), 0 error(s), 0 left on base; Detroit 1 - Northern Virginia 2
TOP OF THE 8TH
Detroit Reapers batting - Pitching for Northern Virginia Retrievers : RHP Marlon Miller
Pitching: LHP Kamal Bataille
Batting: RHB Robby Thomas 0-0: Fly out, F7 (Flyball, 7LD)
Pitching: RHP Lou Hartling
Batting: RHB Jack Weber 0-0: Ball
1-0: Ball
2-0: Swinging Strike
2-1: Foul Ball, location: 2F
2-2: SINGLE (Popup, 4MD)
Pinch Hitting: LHB Orlando Trevino 0-0: Ball
1-0: Fielders Choice at 2nd, 6-4 (Groundball, 6M)
Pinch Hitting: RHB Abílio Conceio 0-0: Ball
1-0: DOUBLE (Flyball, 89D)
Orlando Trevino to third
Batting: LHB Ryan Westlake 0-0: Ball
1-0: Ball
2-0: Foul Ball, location: 2F
2-1: Foul Ball, location: 2F
2-2: Ball
3-2: Foul Ball, location: 2F
3-2: DOUBLE (Groundball, 3L)
Orlando Trevino scores
Abílio Conceio scores
Batting: SHB Eiji Suzuki 0-0: Called Strike
0-1: Foul Ball, location: 2F
0-2: Foul Ball, location: 2F
0-2: Ball
1-2: Foul Ball, location: 2F
1-2: Foul Ball, location: 2F
1-2: Ball
2-2: Strikes out swinging
Top of the 8th over - 2 run(s), 3 hit(s), 0 error(s), 1 left on base; Detroit 3 - Northern Virginia 2
BOTTOM OF THE 8TH
Northern Virginia Retrievers batting - Pitching for Detroit Reapers : RHP Nicholas Wells
Pitching: RHP Jim Washington
Now at 2B: Roger Wheeler
Now in RF: Abílio Conceio
Batting: LHB Roberto Salazar 0-0: Fly out, F9 (Flyball, 9S)
Pitching: LHP Ron Anderson
Batting: SHB Ramiro Salazar 0-0: Fly out, F8 (Flyball, 8LD)
Pitching: RHP Harold Taylor
Batting: RHB Iván Pérez 0-0: Called Strike
0-1: Foul Ball, location: 2F
0-2: Ball
1-2: Fly out, F2 (Popup, 25F)
Bottom of the 8th over - 0 run(s), 0 hit(s), 0 error(s), 0 left on base; Detroit 3 - Northern Virginia 2
TOP OF THE 9TH
Detroit Reapers batting - Pitching for Northern Virginia Retrievers : RHP Lou Hartling
Pitching: RHP Kyung-un Yi
Batting: RHB Bart Lewis 0-0: Called Strike
0-1: Called Strike
0-2: Foul Ball, location: 2F
0-2: Ball
1-2: Ball
2-2: Strikes out looking
Batting: RHB Alan Elder 0-0: Swinging Strike
0-1: Foul Ball, location: 2F
0-2: Ball
1-2: SINGLE (Line Drive, 6)
Batting: RHB Joey Morgan 0-0: Ball
1-0: Foul Ball, location: 2F
1-1: Ball
2-1: Foul Ball, location: 2F
2-2: Hit by Pitch
Alan Elder to second
Pinch Hitting: SHB Will Brock 0-0: Ball
1-0: Ball
2-0: Called Strike
2-1: Called Strike
2-2: Ball
3-2: Base on Balls
Alan Elder to third
Joey Morgan to second
Batting: RHB Jack Weber 0-0: SINGLE (Groundball, 5D) (infield hit)
Alan Elder scores
Joey Morgan to third
Will Brock to second
Pinch Hitting: RHB Carlos Pérez 0-0: Called Strike
0-1: Foul Ball, location: 2F
0-2: Ball
1-2: Ball
2-2: Strikes out swinging
Batting: RHB Abílio Conceio 0-0: Called Strike
0-1: Called Strike
0-2: Strikes out swinging
Top of the 9th over - 1 run(s), 2 hit(s), 0 error(s), 3 left on base; Detroit 4 - Northern Virginia 2
BOTTOM OF THE 9TH
Northern Virginia Retrievers batting - Pitching for Detroit Reapers : RHP Harold Taylor
Pitching: RHP Pete Wood
Now at C: Will Brock
Batting: LHB John Robertson 0-0: Called Strike
0-1: Ball
1-1: Ball
2-1: Ball
3-1: Fly out, F7 (Flyball, 7LM)
Batting: LHB Munemori Ohara 0-0: Ball
1-0: Swinging Strike
1-1: Swinging Strike
1-2: Ball
2-2: Strikes out swinging
Batting: SHB Gustavo Fuentes 0-0: Ball
1-0: Swinging Strike
1-1: Swinging Strike
1-2: Ball
2-2: Strikes out swinging
Bottom of the 9th over - 0 run(s), 0 hit(s), 0 error(s), 0 left on base; Detroit 4 - Northern Virginia 2
This league is powered by Out of the Park Baseball, the baseball management simulation game for PC, Mac and Linux
Friday, October 23rd, 2015 - OOTP Baseball 16.9 Build 39